3259 views
Uploaded 2020-04-08 15:15:24
Game version 1.32.3
7:54 long 4on4 ladder game on (8)Battleground_LV
Saved by BEARAND
3259 views
Uploaded 2020-04-08 15:15:24
Game version 1.32.3
7:54 long 4on4 ladder game on (8)Battleground_LV


/ 0k
43 buildings @ 4k
/ 1.5k

| Wisp | 15 | 900 | / | 0 |
| total: | 15 | 900g | / | 0w |
| Altar of Elders | 1 | 180 | / | 50 |
| Moon Well | 2 | 360 | / | 80 |
| Ancient of War | 4 | 600 | / | 240 |
| Ancient of Wind | 1 | 150 | / | 140 |
| Tree of Ages | 1 | 320 | / | 180 |
| total: | 8 | 1290g | / | 510w |
| 0:01 | Wisp |
| 0:03 | Altar of Elders |
| 0:06 | Wisp |
| 0:16 | Moon Well |
| 0:25 | Wisp |
| 0:34 | Wisp |
| 1:05 | Ancient of War |
| 1:06 | Wisp |
| 1:06 | Wisp |
| 1:15 | Wisp |
| 1:37 | Wisp |
| 1:54 | Ancient of War |
| 2:03 | Moon Well |
| 2:04 | Wisp |
| 2:09 | Evasion |
| 2:16 | Wisp |
| 2:20 | Ancient of War |
| 2:42 | Ancient of War |
| 2:47 | Wisp |
| 2:48 | Wisp |
| 2:51 | Wisp |
| 3:12 | Wisp |
| 3:42 | Wisp |
| 4:05 | Tree of Ages |
| 6:47 | Ancient of Wind |
| Right click | 223 |
| Assign group | 147 |
| Select | 79 |
| Select group | 39 |
| Build/train/purchase | 22 |
| Resource trade | 14 |
| Chat | 6 |
| Minimap ping | 3 |
| Peasant | 8 | 600 | / | 0 |
| total: | 8 | 600g | / | 0w |
| Scout Tower | 7 | 210 | / | 140 |
| Guard Tower | 4 | 280 | / | 200 |
| Altar of Kings | 1 | 180 | / | 50 |
| Lumber Mill | 1 | 120 | / | 0 |
| Farm | 1 | 80 | / | 20 |
| total: | 10 | 590g | / | 210w |
| 0:01 | Peasant |
| 0:06 | Altar of Kings |
| 0:07 | Peasant |
| 0:18 | Lumber Mill |
| 0:30 | Peasant |
| 0:37 | Farm |
| 0:51 | Peasant |
| 0:56 | Scout Tower |
| 0:58 | Scout Tower |
| 1:15 | Peasant |
| 1:25 | Guard Tower |
| 1:37 | Guard Tower |
| 1:56 | Scout Tower |
| 2:00 | Scout Tower |
| 2:05 | Peasant |
| 2:26 | Guard Tower |
| 2:35 | Guard Tower |
| 2:38 | Scout Tower |
| 2:40 | Scout Tower |
| 2:50 | Scout Tower |
| 5:46 | Peasant |
| 5:46 | Peasant |
| Right click | 161 |
| Select | 80 |
| Build/train/purchase | 19 |
| Minimap ping | 2 |

| Peasant | 14 | 1050 | / | 0 |
| total: | 14 | 1050g | / | 0w |
| Scout Tower | 14 | 420 | / | 280 |
| Guard Tower | 10 | 700 | / | 500 |
| Altar of Kings | 1 | 180 | / | 50 |
| Farm | 4 | 320 | / | 80 |
| Lumber Mill | 1 | 120 | / | 0 |
| Blacksmith | 1 | 140 | / | 60 |
| Town Hall | 1 | 385 | / | 205 |
| Keep | 1 | 320 | / | 210 |
| total: | 22 | 1565g | / | 675w |
| 0:03 | Peasant |
| 0:03 | Peasant |
| 0:10 | Altar of Kings |
| 0:15 | Peasant |
| 0:16 | Farm |
| 0:18 | Peasant |
| 0:25 | Peasant |
| 0:40 | Peasant |
| 0:47 | Lumber Mill |
| 1:02 | Peasant |
| 1:22 | Farm |
| 1:24 | Peasant |
| 1:24 | Peasant |
| 1:55 | Peasant |
| 1:56 | Peasant |
| 1:56 | Peasant |
| 1:59 | Improved Masonry |
| 2:09 | Force of Nature |
| 2:19 | Summon Lava Spawn |
| 2:26 | Scout Tower |
| 2:29 | Scout Tower |
| 2:30 | Scout Tower |
| 2:31 | Scout Tower |
| 2:33 | Scout Tower |
| 2:35 | Peasant |
| 2:36 | Peasant |
| 3:02 | Guard Tower |
| 3:03 | Scout Tower |
| 3:20 | Guard Tower |
| 3:21 | Scout Tower |
| 3:22 | Scout Tower |
| 3:46 | Guard Tower |
| 4:11 | Guard Tower |
| 4:47 | Keep |
| 4:49 | Farm |
| 4:50 | Farm |
| 4:51 | Blacksmith |
| 5:00 | Town Hall |
| 5:32 | Scout Tower |
| 5:33 | Scout Tower |
| 5:34 | Scout Tower |
| 5:35 | Scout Tower |
| 6:03 | Guard Tower |
| 6:27 | Guard Tower |
| 6:31 | Guard Tower |
| 6:34 | Guard Tower |
| 7:02 | Scout Tower |
| 7:03 | Scout Tower |
| 7:40 | Guard Tower |
| Right click | 353 |
| Select | 105 |
| Select group | 59 |
| Build/train/purchase | 40 |
| Chat | 40 |
| Assign group | 4 |
| Misc. action | 2 |
| Use ability | 2 |
| Wisp | 7 | 420 | / | 0 |
| total: | 7 | 420g | / | 0w |
| Altar of Elders | 1 | 180 | / | 50 |
| Moon Well | 2 | 360 | / | 80 |
| total: | 3 | 540g | / | 130w |
| 0:08 | Altar of Elders |
| 0:12 | Moon Well |
| 0:14 | Wisp |
| 0:15 | Wisp |
| 0:15 | Wisp |
| 0:32 | Wisp |
| 1:05 | Wisp |
| 1:07 | Moon Well |
| 1:27 | Wisp |
| 1:27 | Wisp |
| Select group | 94 |
| Right click | 52 |
| Select | 17 |
| Chat | 13 |
| Build/train/purchase | 8 |
| Assign group | 2 |
| Use ability | 1 |
/ 0k
| Farm | 1 | 80 | / | 20 |
| total: | 1 | 80g | / | 20w |
| 4:16 | Farm |
| Select | 7 |
| Chat | 7 |
| Right click | 1 |
⇛